Map: Rifts to Korhal

Players

NamroodTuo

  • Race: Terran Terran
  • Spawn Location: 7:00

CorunTan

  • Race: Protoss Protoss
  • Spawn Location: 7:00

VOD

Have the link to the VOD?

Description

Time

  • Played on: April 4, 2023, 10:58 a.m.
  • Length: 21:03
Show
View Real Time Build Order
Export as new Build Order

NamroodTuo Terran 

Build Orders:  

Get SALT Encoding   

  12  0:14  SCV  
  13  0:31  SCV  
  14  0:41  Barracks  
  14  0:48  SCV  
  15  1:05  SCV  
  15  1:07  Refinery  
  16  1:13  Refinery  
  16  1:22  SCV  
  17  1:39  SCV  
  18  1:55  Engineering Bay  
  18  2:09  Barracks Tech Lab  
  18  2:22  Railgun Turret  
  18  2:50  Railgun Turret  
  18  2:55  SCV  
  19  3:10  Structure Armor  
  19  3:11  SCV  
  20  3:28  SCV  
  21  3:34  Missile Turret  
  21  3:46  Missile Turret  
  21  3:55  SCV  
  22  4:12  SCV  
  23  4:30  Railgun Turret  
  23  4:31  SCV  
  23  4:37  Laser Targeting System  
  24  4:41  Terran Infantry Weapons Level 1  
  24  4:51  SCV  
  25  5:08  SCV  
  26  5:35  Railgun Turret  
  26  6:40  Suppression Shells  
  26  6:46  SCV  
  27  6:58  Elite Marine  
  31  7:03  SCV  
  32  7:19  SCV  
  32  7:21  Terran Infantry Armor Level 1  
  33  7:40  EMP Round  
  33  9:01  Ghost Visor, Factory  
  33  9:37  Command Center  
  33  11:16  Elite Marine  
  37  11:33  Armory  
  37  11:37  SCV  
  38  11:54  SCV  
  39  12:11  SCV  
  40  12:28  SCV  
  34  12:45  SCV  
  34  13:04  Elite Marine  
  38  13:12  Spec Ops Ghost  
  42  13:45  SCV  
  43  13:51  Railgun Turret  
  43  13:57  Missile Turret  
  43  14:02  SCV  
  44  14:19  SCV  
  45  14:35  SCV  
  46  14:52  SCV  
  47  15:16  Hellbat Rangers  
  51  15:37  Hellbat Rangers  
  51  15:39  Spec Ops Ghost  
  59  15:58  SCV  
  60  16:02  Refinery  
  60  16:04  Terran Infantry Armor Level 2  
  60  16:15  SCV  
  61  16:32  SCV  
  62  16:49  SCV  
  63  16:51  Elite Marine  
  63  16:52  Hellbat Rangers  
  71  17:05  Hellbat Rangers  
  75  17:45  SCV  
  76  17:52  Refinery  
  76  17:57  Terran Vehicle And Ship Armor Level 1  
  72  18:02  SCV  
  73  18:19  SCV  
  74  18:36  SCV  
  75  18:45  Spec Ops Ghost  
  79  18:53  SCV  
  77  20:13  Spec Ops Ghost  
Show
View Real Time Build Order
Export as new Build Order

CorunTan Protoss 

Build Orders:  

Get SALT Encoding   

  12  0:22  Probe (Chrono Boost)  
  13  0:36  Probe (Chrono Boost)  
  14  0:50  Probe (Chrono Boost)  
  15  1:03  Probe (Chrono Boost)  
  15  1:09  Xel'Naga Passageway  
  16  1:53  Probe (Chrono Boost)  
  17  2:07  Probe (Chrono Boost)  
  18  2:21  Probe (Chrono Boost)  
  18  2:26  Core Forge  
  19  2:35  Probe (Chrono Boost)  
  20  2:48  Probe (Chrono Boost)  
  21  3:26  Tesseract Cannon  
  21  3:28  Tesseract Cannon  
  21  3:30  Tesseract Cannon  
  21  3:41  Constructs Facility  
  21  4:52  Xel'Naga Enforcer  
  25  6:15  Tesseract Cannon x2  
  25  6:18  Tesseract Cannon  
  25  9:19  Tesseract Cannon  
  25  9:22  Tesseract Cannon  
  25  9:23  Tesseract Cannon  
  25  9:25  Tesseract Cannon  
  25  9:26  Tesseract Cannon  
  25  9:29  Tesseract Cannon  
  25  9:31  Tesseract Cannon x2  
  25  9:36  Tesseract Cannon  
  25  11:50  Telbrus Legion  
  25  14:20  Telbrus Legion  
  25  15:51  Tesseract Cannon x2  
  25  15:54  Tesseract Cannon  
  25  15:56  Tesseract Cannon  
  25  15:58  Tesseract Cannon  
  25  16:01  Tesseract Cannon x2  
  25  16:04  Tesseract Cannon  
  25  16:06  Tesseract Cannon  
  25  16:08  Tesseract Cannon  
  25  17:01  Xel'Naga Enforcer  
  29  19:50  Telbrus Legion  
Tags
 
Commander
NovaZeratul
Matchup
Co-op
Replay Pack
Multiplayer
Add a new tag
Caveats
  • Supply blocks, unpowered buildings, or Contaminate may cause inaccurate times.
  • Supply counts are checked every 10 seconds.